 Dungeon Crawl Stone Soup version 0.21.1-1-g345015f (webtiles) character file.

226 Fang the Chopper (level 6, -2/57 HPs)
             Began as a Gargoyle Berserker on May 7, 2018.
             Was a Believer of Trog.
             Slain by an orc
             ... wielding a +0 club
              (3 damage)
             ... on level 4 of the Dungeon.
             The game lasted 00:06:46 (2946 turns).

Fang the Chopper (Gargoyle Berserker)               Turns: 2946, Time: 00:06:46

Health: -2/57      AC:  6    Str: 28    XL:     6   Next: 1%
Magic:  6/6        EV: 12    Int:  7    God:    Trog [**....]
Gold:   136        SH:  0    Dex:  9    Spells: 5/5 levels left

rFire    . . .     SeeInvis .   a - +0 hand axe
rCold    . . .     Gourm    .   (no shield)
rNeg     + . .     Faith    .   b - +0 animal skin
rPois    ∞         Spirit   .   (no helmet)
rElec    +         Reflect  .   (no cloak)
rCorr    .         Harm     .   (no gloves)
MR       .....                  (no boots)
Stlth    ..........             k - amulet of magic regeneration
HPRegen  0.19/turn              (no ring)
MPRegen  0.35/turn              (no ring)

@: berserking, very quick
A: negative energy resistance 1, electricity resistance, unbreathing,
petrification resistance, rot immunity, AC +4
a: Berserk, Trog's Hand, Burn Spellbooks, Renounce Religion


You were on level 4 of the Dungeon.
You worshipped Trog.
Trog was pleased with you.
You were not hungry.

You visited 1 branch of the dungeon, and saw 4 of its levels.

You collected 136 gold pieces.

Inventory:

Hand Weapons
 a - a +0 hand axe (weapon)
Missiles
 o - 6 poisoned javelins (quivered)
Armour
 b - a +0 animal skin (worn)
Jewellery
 k - an amulet of magic regeneration (around neck)
Scrolls
 d - 2 scrolls of fog {unknown}
 e - 6 scrolls of identify {unknown}
 h - 2 scrolls of remove curse {unknown}
 i - 2 scrolls of enchant armour {unknown}
 j - a scroll of enchant weapon {unknown}
 n - a scroll of fear {unknown}
Potions
 f - 3 potions of curing {unknown}
 g - a potion of brilliance {unknown}
 l - 2 potions of heal wounds {unknown}
 m - 3 potions of magic {unknown}
Comestibles
 c - 5 rations


   Skills:
 + Level 4.2 Fighting
 + Level 4.5 Axes
 + Level 2.4 Armour
 + Level 2.5 Dodging
 + Level 1.7 Stealth


You had 5 spell levels left.
You didn't know any spells.

Dungeon Overview and Level Annotations

Branches:
Dungeon (4/15)
 Temple: D:4-7

Altars:
Vehumet


Innate Abilities, Weirdness & Mutations

You are resistant to torment.
Your stone body is resilient. (AC +4)
You are immune to poison.
You resist negative energy. (rN+)
You are resistant to electric shocks. (rElec)
You can survive without breathing.
You are immune to petrification.
You are immune to rotting.


Message History

Trog accepts your kill.
Trog appreciates your killing of a magic user.
You have reached level 6!
Your experience leads to an increase in your attributes!
Increase (S)trength, (I)ntelligence, or (D)exterity?
You feel stronger. The worker ant barely misses you. The worm bites you.
* * * LOW HITPOINT WARNING * * *
The orc hits you but does no damage.
You eat one of the 6 rations.
That ration really hit the spot!
The worker ant closely misses you. The orc hits you with a club.
* * * LOW HITPOINT WARNING * * *
The orc hits you with a club.
* * * LOW HITPOINT WARNING * * *
The worm bites you.
* * * LOW HITPOINT WARNING * * *
A red film seems to cover your vision as you go berserk!
You feel yourself moving faster!
You feel mighty!
You feel a lot more hungry. The worker ant misses you.
The orc hits you with a club.
You die...

.. #. .## #. ...# ###.
#..## ...###...#######
####.#...#.......#####
..#...w)...#######......
#......@...## ###....
##...ooao...# #<...
#..........# ###..
#..........########...#
#...................###
#...........#########
#...>.?<..#.#
#.........#.#
.........#.#


You could see a worm, a worker ant, an orc priest and 2 orcs.

Vanquished Creatures
  An orc priest (D:3)
  Terence (D:2)
  An orc wizard (D:4)
  A worker ant (D:3)
  A hound skeleton (D:4)
  4 adders
  An ooze (D:2)
  3 worms (D:2)
  2 dart slugs
  A leopard gecko (D:1)
  8 orcs (D:3)
  7 bats
  2 giant cockroaches
  5 hobgoblins
  5 kobolds
  A frilled lizard (D:3)
  4 goblins
  5 rats
53 creatures vanquished.

Vanquished Creatures (others)
  2 ogres (D:4)
2 creatures vanquished.

Grand Total: 55 creatures vanquished

Notes
Turn   | Place    | Note
-------+----------+-------------------------------------------
     0 | D:1      | Fang the Gargoyle Berserker began the quest for the Orb.
     0 | D:1      | Reached XP level 1. HP: 14/14 MP: 1/1
   254 | D:1      | Reached XP level 2. HP: 12/19 MP: 2/2
   681 | D:2      | Reached XP level 3. HP: 9/23 MP: 3/3
  1096 | D:2      | Noticed Terence
  1119 | D:2      | Killed Terence
  1119 | D:2      | Reached skill level 1 in Stealth
  1119 | D:2      | Reached XP level 4. HP: 18/29 MP: 4/4
  1533 | D:2      | Reached ** piety under Trog
  2136 | D:3      | Reached XP level 5. HP: 24/33 MP: 5/5
  2142 | D:3      | HP: 2/49 [orc priest/divine providence (12)]
  2537 | D:3      | Found a radiant altar of Vehumet.
  2909 | D:4      | Killed an ogre
  2913 | D:4      | Killed an ogre
  2944 | D:4      | Reached XP level 6. HP: 15/38 MP: 6/6
  2945 | D:4      | HP: 1/38 [worm (4)]
  2946 | D:4      | Slain by an orc

Skill      XL: |  1  2  3  4 |
---------------+-------------+-----
Axes           | 3 4 |  4.5
Dodging        | 2 |  2.5
Stealth        | 1 |  1.7
Fighting       | 4 |  4.2
Armour         | |  2.4

Action                   |  1- 3 |  4- 6 || total
-------------------------+-------+-------++-------
Melee: Hand axe          |   100 |    90 ||   190
Invok: Berserk           |     2 |     2 ||     4
       Burn Spellbooks   |       |     1 ||     1
  Eat: Chunk             |     1 |     3 ||     4
       Ration            |       |     2 ||     2
Armor: Animal skin       |    42 |    39 ||    81
Dodge: Dodged            |    74 |    80 ||   154
